 Dungeon Crawl Stone Soup version 0.28.0-45-g0d030f2227 (webtiles) character file.

Game seed: 3296617704891628389

469 protoss039 the Cudgeller (level 7, -1/43 HPs)
             Began as a Gargoyle Gladiator on Apr 11, 2022.
             Slain by an orc
             ... wielding a +0 dagger
              (3 damage)
             ... on level 5 of the Dungeon.
             The game lasted 00:06:35 (4913 turns).

protoss039 the Cudgeller (Gargoyle Gladiator)       Turns: 4913, Time: 00:06:36

Health: -1/43      AC: 13    Str: 20    XL:     7   Next: 9%
Magic:  7/7        EV: 10    Int:  8    God:
Gold:   117        SH:  3    Dex: 11    Spells: 6/6 levels left

rFire   . . .      SeeInvis .   g - +4 dagger (drain)
rCold   . . .      Faith    .   i - +0 buckler
rNeg    + . .      Spirit   .   j - +0 scale mail
rPois   ∞          Reflect  .   c - +0 helmet
rElec   +          Harm     .   p - scarf {shadows}
rCorr   .          Rampage  .   h - +0 pair of gloves
Will    .....                   (no boots)
Stlth   ..........              (no amulet)
HPRegen 0.14/turn               (no ring)
MPRegen 0.10/turn               (no ring)

@: no status effects
A: sickness immunity, AC +4, negative energy resistance 1, electricity
resistance, torment resistance 1, petrification resistance
a: no special abilities


You were on level 5 of the Dungeon.
You visited 1 branch of the dungeon, and saw 6 of its levels.

You collected 117 gold pieces.

Inventory:

Hand Weapons
 a - a +0 flail
 g - a +4 dagger of draining (weapon)
Missiles
 d - 3 throwing nets (quivered)
Armour
 c - a +0 helmet (worn)
 h - a +0 pair of gloves (worn)
 i - a +0 buckler (worn)
 j - a +0 scale mail (worn)
 p - a scarf of shadows (worn)
Scrolls
 e - a scroll of amnesia {unknown}
 l - 2 scrolls of vulnerability {unknown}
 o - a scroll of fog {unknown}
Potions
 b - a potion of cancellation {unknown}
 f - a potion of might {unknown}
 k - a potion of curing {unknown}
 m - a potion of mutation {unknown}
 n - a potion of brilliance {unknown}


   Skills:
 + Level 4.0 Fighting
 + Level 4.2 Maces & Flails
 * Level 4.2 Throwing
 + Level 3.0 Armour
 - Level 3.0 Dodging


You had 6 spell levels left.
You didn't know any spells.
Your spell library was empty.

Dungeon Overview and Level Annotations

Branches:
Dungeon (6/15)
 Temple: D:4-7

Altars:


Innate Abilities, Weirdness & Mutations

You are immune to sickness and miasma.
Your stone body is resilient. (AC +4)
You are immune to poison.
You resist negative energy. (rN+)
You are resistant to electric shocks. (rElec)
You are resistant to unholy torment.
You are immune to petrification.


Message History

The orc barely misses you.
Unknown command.
You hit the orc priest. You drain the orc priest.
You kill the orc priest!
The orc hits you with a +0 dagger. The orc hits you with a +0 club.
Your Fighting skill increases to level 4!
Unknown command.
You hit the orc wizard.
The orc wizard is moderately wounded.
The orc wizard closely misses you. The orc hits you but does no damage. x2
Unknown command.
You closely miss the orc wizard.
The orc wizard is moderately wounded.
The orc wizard points at you and mumbles some strange words.
The magic dart hits you.
* * * LOW HITPOINT WARNING * * *
The orc barely misses you. x2
Unknown command.
Press: ? - help, v - describe, . - travel
Here: an orc, wielding a +0 club and wearing a +0 leather armour The floor.
You hit the orc but do no damage. You drain the orc.
The orc is moderately wounded.
The orc wizard gestures at you while chanting.
The magic dart hits you.
* * * LOW HITPOINT WARNING * * *
The orc hits you but does no damage. The orc barely misses you.
Unknown command.
You hit the orc.
The orc is heavily wounded.
The orc wizard hits you but does no damage.
The orc hits you but does no damage. x2
Unknown command.
You hit the orc.
You kill the orc!
The orc wizard points at you and mumbles some strange words.
The puff of flame hits you.
* * * LOW HITPOINT WARNING * * *
The orc hits you with a +0 dagger.
You die...

# #.......
##.#......#
##..#......#
##...#......#
#...........#
.....o).....#
.....o@.....+
......>.....#
######......#
#......#
........
........
.........
##.######


You could see an orc wizard and an orc.

Vanquished Creatures
  An ogre (D:4)
  A water moccasin skeleton (D:4)
  A hound (D:3)
  2 orc priests
  2 iguanas (D:4)
  3 orc wizards
  4 adders
  2 worms (D:2)
  A dart slug (D:2)
  8 orcs
  7 bats
  8 endoplasms
  6 giant cockroaches
  5 goblins
  3 hobgoblins
  4 jackals (D:1)
  2 quokkas (D:1)
  5 ball pythons
  5 frilled lizards
  7 kobolds
  8 rats
85 creatures vanquished.

Notes
Turn   | Place    | Note
-------+----------+-------------------------------------------
     0 | D:1      | protoss039 the Gargoyle Gladiator began the quest for the
                  | Orb.
     0 | D:1      | Reached XP level 1. HP: 12/12 MP: 1/1
     1 | D:1      | Found a runed translucent door.
   206 | D:1      | Reached XP level 2. HP: 14/17 MP: 2/2
  1031 | D:1      | Reached XP level 3. HP: 11/22 MP: 3/3
  1474 | D:1      | Reached skill level 1 in Armour
  2050 | D:2      | Reached XP level 4. HP: 27/27 MP: 4/4
  2196 | D:2      | Found a faded altar of an unknown god.
  3037 | D:3      | Reached XP level 5. HP: 29/32 MP: 5/5
  3324 | D:3      | Noticed an ogre
  3785 | D:4      | Noticed an ogre
  3799 | D:4      | HP: 1/32 [ogre/+0 giant club (10)]
  3805 | D:4      | Killed an ogre
  3806 | D:4      | Reached XP level 6. HP: 26/37 MP: 6/6
  4748 | D:4      | Reached XP level 7. HP: 42/42 MP: 7/7
  4807 | D:5      | Entered Level 5 of the Dungeon
  4893 | D:5      | You fall into a shaft and drop 1 floor!
  4913 | D:5      | HP: 2/43 [orc wizard/puff of flame (6)]
  4913 | D:5      | Slain by an orc

Illustrated notes

Levels and vault maps discovered:
D:1:      dpeg_arrival_caged_fury, layout_loops_corners, nrook_loot_triangle,
          amcnicky_mini_pool_small
D:2:      layout_loops_corners, ebering_ecumenical_altar_webs,
          corexii_hall_statues_i
D:3:      layout_loops_ring, gammafunk_ghost_nasty_kobolds,
          minmay_misc_feat_room
D:4:      layout_basic, nemelex_xobeh_ov_fountains_minmay,
          kennysheep_generic_room_11
D:5:      layout_basic, mainiacjoe_overflow_alcove_2,
          mainiacjoe_overflow_big_doors, hangedman_glass_teeth
D:6:      hellmonk_destroyed_diamonds, layout_basic,
          minmay_temple_entry_statues_fountains

Skill      XL: |  1  2  3  4  5  6  7 |
---------------+----------------------+-----
Throwing       | 2 3 4 |  4.2
Armour         | 1 2 3 |  3.0
Dodging        | 3 |  3.0
Fighting       | 3 4 |  4.0
Maces & Flails | 4 |  4.2

Action                   |  1- 3 |  4- 6 |  7- 9 || total
-------------------------+-------+-------+-------++-------
Melee: Flail             |   134 |   156 |       ||   290
       Dagger            |       |    15 |    10 ||    25
  Use: Potion            |       |     2 |       ||     2
 Stab: Sleeping          |     2 |       |       ||     2
Armor: Leather armour    |    39 |       |       ||    39
       Scale mail        |    16 |    92 |     6 ||   114
Dodge: Dodged            |   108 |    98 |     9 ||   215
Block: Buckler           |     2 |    19 |     2 ||    23
